 Dungeon Crawl Stone Soup version 0.18-a0-1372-gd644665 (webtiles) character file.

1724 M4edhros the Martial Artist (level 9, -3/60 (61) HPs)
             Began as an Octopode Monk on Feb 21, 2016.
             Was an Initiate of Gozag.
             Slain by an ice beast (10 damage)
             ... on level 7 of the Dungeon.
             The game lasted 00:07:42 (5217 turns).

M4edhros the Martial Artist (Octopode Monk)         Turns: 5217, Time: 00:07:43

HP:   -3/60 (61)    AC:  2    Str:  9 (10) XL:     9   Next: 4%
MP:   9/9           EV: 13    Int: 11 (12) God:    Gozag
Gold: 208           SH:  0    Dex: 16 (18) Spells: 1 memorised, 6 levels left

rFire  . . .     SeeInvis .       - Unarmed
rCold  . . .     Gourm    .     (no shield)
rNeg   . . .     Faith    .     (helmet restricted)
rPois  .         Spirit   .     (no amulet)
rElec  .         Dismiss  .     h - ring of wizardry
rCorr  .         Reflect  .     (no ring)
SustAt .         Harm     .     (no ring)
MR     .....                    (no ring)
Stlth  +++.......               (no ring)
                                (no ring)
                                (no ring)
                                (no ring)

@: gold aura, not resistant to hostile enchantments, fairly stealthy
A: almost no armour, amphibious, 8 rings, constrict 8, camouflage 1, blurry
vision 1, low mp 1, robust 1, shaggy fur 1, gelatinous body 1
a: Potion Petition, Call Merchant, Bribe Branch, Renounce Religion


You were on level 7 of the Dungeon.
You worshipped Gozag.
Gozag was noncommittal.
You were not hungry.

You visited 1 branch of the dungeon, and saw 7 of its levels.

You collected 870 gold pieces.
You paid 662 gold pieces to Gozag.

Inventory:

Missiles
 q - 20 sling bullets
Jewellery
 h - a ring of wizardry (left tentacle)
Wands
 o - a wand of enslavement (9/24)
Scrolls
 b - 9 scrolls of teleportation {unknown}
 c - 6 scrolls of identify {unknown}
 d - a scroll of amnesia {unknown}
 e - 2 scrolls of recharging {unknown}
 i - 2 scrolls of fear {unknown}
 j - 2 scrolls of enchant weapon {unknown}
 k - 2 scrolls of enchant armour {unknown}
 l - 3 scrolls of magic mapping {unknown}
 m - a scroll of remove curse {unknown}
 n - 5 scrolls of random uselessness {unknown}
 s - a scroll of noise {unknown}
 t - a scroll of immolation {unknown}
Potions
 g - a potion of degeneration
Books
 f - a book of Callings

   Spells                             Type                      Level
   a - Summon Small Mammal            Summoning                    1
   b - Call Imp                       Summoning                    2
   c - Call Canine Familiar           Summoning                    3
   d - Summon Guardian Golem          Hexes/Summoning              3
   e - Summon Lightning Spire         Summoning/Air                4
   f - Summon Ice Beast               Ice/Summoning                4
 r - a book of Enchantments

   Spells                             Type                      Level
   a - Cause Fear                     Hexes                        4
   b - Yara's Violent Unravelling     Hexes/Transmutation          5
   c - Silence                        Hexes/Air                    5
   d - Deflect Missiles               Charms/Air                   6
   e - Haste                          Charms                       6
   f - Discord                        Hexes                        8
 u - a book of the Dragon

   Spells                             Type                      Level
   a - Flame Tongue                   Conjuration/Fire             1
   b - Cause Fear                     Hexes                        4
   c - Bolt of Fire                   Conjuration/Fire             6
   d - Dragon Form                    Transmutation                7
   e - Dragon's Call                  Summoning                    9
Comestibles
 a - 4 bread rations
 p - 3 beef jerkies


   Skills:
 - Level 3.0 Fighting
 - Level 3.0 Dodging
 - Level 2.6 Stealth
 - Level 11.3 Unarmed Combat
 * Level 1.2 Spellcasting
 * Level 1.5 Summonings
 * Level 1.4 Air Magic


You had 6 spell levels left.
You knew the following spells:

 Your Spells              Type           Power        Failure   Level  Hunger
a - Summon Lightning Spi  Summ/Air       #.......     83%         4    #####..


Dungeon Overview and Level Annotations

Branches:
Dungeon (7/15)             Temple (0/1) D:4

Altars:
Dithmenos
Elyvilon
Fedhas
Gozag
Makhleb
Okawaru
Xom
Yredelemnul
The Shining One

Shops:
D:6 =

Annotations:
D:6 4thArraOfDagon's ghost, novice KoAr


Innate Abilities, Weirdness & Mutations

You cannot wear most types of armour.
You are amphibious.
You can wear up to eight rings at the same time.
You can use your tentacles to constrict eight enemies at once.
Your skin changes colour to match your surroundings (Stealth).
Your rubbery body absorbs attacks (AC +1).
Scrolls take you a little longer to read.
Your magical capacity is low (-10% MP).
You are robust (+10% HP).
You are covered in fur (AC +1).


Message History

Drink which item? (? for menu, Esc to quit)
Okay, then.
Evoke which item? (* to show all) (? for menu, Esc to quit)
Zapping:
o - a wand of enslavement (will waste charges)
Press: ? - help, Shift-Dir - straight line, f - ice beast
Aim: an ice beast (moderately wounded, chance to defeat MR: 46%)
The ice beast resists with some effort.
Evoking this partially-identified wand wasted a few charges.
The ice beast barely misses you.
Evoke which item? (* to show all) (? for menu, Esc to quit)
Zapping:
o - a wand of enslavement {zapped: 3} (will waste charges)
Press: ? - help, Shift-Dir - straight line, f/p - ice beast
Aim: an ice beast (moderately wounded, chance to defeat MR: 46%)
The ice beast resists with some effort.
Evoking this partially-identified wand wasted a few charges.
The ice beast hits you.
* * * LOW HITPOINT WARNING * * *
The ice beast freezes you!
You die...
Your body crumbles into a pile of gold.

.#.#.#... .......#
####...... #......#
##.#.# #..#.# .#
##.####.##.##.#
........Y.....#
.#.#####$@....#
#......#
#.#####......#
#............#
......######......#
#..§## #.....##
.§.§§########.....#
#§§.§§§.##..........#
§§§§§§§§§#.##########


You could see an ice beast.

Vanquished Creatures
  An ice beast (D:7)
  2 necrophages
  3 ogres
  3 giant frogs (D:6)
  A water moccasin zombie (D:5)
  A scorpion (D:7)
  A centaur zombie (D:5)
  A crimson imp (D:5)
  4 hounds
  3 orc priests
  2 iguanas
  7 orc wizards
  A giant frog skeleton (D:5)
  6 worker ants
  A hound zombie (D:7)
  A hound skeleton (D:5)
  7 adders
  A shadow imp (D:6)
  An ooze (D:4)
  5 worms
  2 giant geckos
  19 orcs
  A ball python (D:1)
  3 bats
  8 giant cockroaches
  8 hobgoblins
  17 jackals
  7 kobolds
  A quokka (D:6)
  6 giant newts
  5 goblins
  7 rats
136 creatures vanquished.

Notes
Turn   | Place    | Note
--------------------------------------------------------------
     0 | D:1      | M4edhros the Octopode Monk began the quest for the Orb.
     0 | D:1      | Reached XP level 1. HP: 16/16 MP: 1/1
    18 | D:1      | Reached XP level 2. HP: 6/21 MP: 2/2
   389 | D:1      | Reached XP level 3. HP: 21/26 MP: 3/3
   498 | D:1      | Reached skill level 5 in Unarmed Combat
  1019 | D:2      | Reached XP level 4. HP: 25/31 MP: 4/4
  1031 | D:2      | Found an iron altar of Okawaru.
  1034 | D:2      | Found a white marble altar of Elyvilon.
  1035 | D:2      | Found an opulent altar of Gozag.
  1035 | D:2      | Found a blossoming altar of Fedhas.
  1038 | D:2      | Found a shimmering altar of Xom.
  1039 | D:2      | Found a glowing golden altar of the Shining One.
  1041 | D:2      | Found a basalt altar of Yredelemnul.
  1044 | D:2      | Became a worshipper of Gozag Ym Sagoz the Greedy
  1565 | D:3      | Reached skill level 6 in Unarmed Combat
  1565 | D:3      | Reached XP level 5. HP: 30/36 MP: 5/5
  1638 | D:3      | Found a burning altar of Makhleb.
  2298 | D:4      | Reached skill level 7 in Unarmed Combat
  2298 | D:4      | Reached XP level 6. HP: 30/42 MP: 6/6
  2689 | D:4      | Found a staircase to the Ecumenical Temple.
  2718 | D:4      | Reached skill level 8 in Unarmed Combat
  2723 | D:4      | Reached XP level 7. HP: 33/46 MP: 7/7
  3650 | D:5      | Entered Level 5 of the Dungeon
  3718 | D:5      | Reached skill level 9 in Unarmed Combat
  3957 | D:5      | Reached XP level 8. HP: 26/50 MP: 8/8
  3964 | D:5      | Gained mutation: You are robust (+10% HP). [potion of beneficial mutation]
  4297 | D:5      | Reached skill level 10 in Unarmed Combat
  4339 | D:5      | Gained mutation: Your magical capacity is low (-10% MP). [potion of mutation]
  4339 | D:5      | Gained mutation: Scrolls take you a little longer to read. [potion of mutation]
  4339 | D:5      | Gained mutation: You are covered in fur (AC +1). [potion of mutation]
  4489 | D:6      | Noticed 4thArraOfDagon's ghost (novice KoAr)
  4876 | D:6      | Reached skill level 11 in Unarmed Combat
  5140 | D:7      | Found a shadowy altar of Dithmenos.
  5151 | D:7      | Learned a level 4 spell: Summon Lightning Spire
  5182 | D:7      | Reached skill level 1 in Summonings
  5182 | D:7      | Reached skill level 1 in Air Magic
  5212 | D:7      | Reached skill level 1 in Spellcasting
  5212 | D:7      | Reached XP level 9. HP: 53/60 MP: 9/9
  5217 | D:7      | Slain by an ice beast

Vault maps used:
D:1:      dpeg_arrival_connections
D:2:      minitemple, dk_noncrumbling_3
D:3:      overflow_temple_1_default, first_bread
D:4:      minmay_temple_entry_large_hall, dk_rats_in_the_wall
D:5:      minmay_misc_feat_nine_boxes
D:6:      minmay_three_doors
D:7:      serial_shops, kennysheep_mini, st_stairs_12,
          nicolae_dithmenos_the_darkroom

Action                   |  1- 3 |  4- 6 |  7- 9 || total
-------------------------+-------+-------+-------++-------
Melee: Unarmed           |    72 |   101 |   162 ||   335
Invok: Potion Petition   |       |       |     1 ||     1
       Call Merchant     |       |       |     1 ||     1
Evoke: Wand              |       |       |     2 ||     2
  Use: Potion            |       |       |     5 ||     5
 Stab: Sleeping          |     7 |    12 |     8 ||    27
       Distracted        |       |     1 |     2 ||     3
  Eat: Meat ration       |       |     1 |     2 ||     3
       Pizza             |       |       |     1 ||     1
